 Dungeon Crawl Stone Soup version 0.15.2 (webtiles) character file.

1196 MordorOrchid the Ducker (level 8, -4/39 HPs)
             Began as a Spriggan Wanderer on Dec 20, 2020.
             Slain by a manticore (21 damage)
             ... on Level 6 of the Dungeon.
             The game lasted 00:22:30 (5711 turns).

MordorOrchid the Ducker (Spriggan Wanderer)         Turns: 5711, Time: 00:22:30

HP  -4/39        AC  3     Str 12      XL: 8   Next: 20%
MP  12/24        EV 22     Int 13      God:
Gold 249         SH  0     Dex 16      Spells:  5 memorised,  6 levels left

rFire  x . .     SeeInvis +     a - +9 dagger of Chilly Death {freeze, rPois rF- rC++ MR+}
rCold  + + .     Clarity  .     d - +0 robe
rNeg   . . .     rCorr    .     (shield restricted)
rPois  +         rRot     .     (helmet restricted)
rElec  .         Spirit   .     L - +0 cloak
SustAb .         Warding  .     (gloves unavailable)
rMut   .         Stasis   .     (boots unavailable)
Gourm  .                        (no amulet)
MR     ++...                    S - ring of flight
                                m - +2 ring of dexterity

@: infused (expiring), very quick, very resistant to hostile enchantments,
fairly stealthy
A: unfitting armour, see invisible, herbivore 3, speed 3, slow metabolism 2
a: Evoke Flight


You were on level 6 of the Dungeon.
You were full.

You visited 1 branch of the dungeon, and saw 6 of its levels.

You collected 249 gold pieces.

Inventory:

Hand weapons
 a - the +9 dagger of Chilly Death (weapon) {freeze, rPois rF- rC++ MR+}
   (You found it on level 6 of the Dungeon)

   It has been specially enchanted to freeze those struck by it, causing extra
   injury to most foes and up to double damage against particularly susceptible
   opponents.
   It can also slow down cold-blooded creatures.
   It makes you vulnerable to fire.
   It greatly protects you from cold.
   It protects you from poison.
   It affects your resistance to hostile enchantments.
 b - a +0 blowgun
 j - a +0 shortbow
 r - a +0 hunting sling
 s - a +0 dagger
 y - a +2 dagger of venom
 G - a +0 short sword of freezing
 K - a +4 quarterstaff of chaos
 R - a +0 hand axe
Missiles
 f - 105 stones (quivered)
 h - 14 bolts
 l - 12 bolts of frost
 A - 12 poisoned arrows
 B - 67 arrows
 F - 29 arrows of flame
 O - 36 sling bullets
 Q - 19 poisoned needles
Armour
 d - a +0 robe (worn)
 L - a +0 cloak (worn)
Comestibles
 g - 2 bread rations
 x - a fruit
 N - a slice of pizza
Scrolls
 c - a scroll of enchant armour {unknown}
 i - a scroll of fear {unknown}
 n - 3 scrolls of remove curse
 q - a scroll of fog {unknown}
 z - a scroll of teleportation {unknown}
 C - a scroll of immolation {unknown}
 M - a scroll of noise {unknown}
Jewellery
 m - a +2 ring of dexterity (left hand)
 o - an uncursed ring of ice
 p - an uncursed amulet of faith
 E - a cursed amulet of inaccuracy {unknown}
 S - a ring of flight (right hand)
Potions
 e - a potion of porridge
 k - a potion of mutation {unknown}
 t - 2 potions of curing
 u - a potion of agility
 v - a potion of heal wounds {unknown}
 w - a potion of degeneration {unknown}
 D - a potion of haste {unknown}
 H - a potion of resistance {unknown}
 I - a potion of poison
 J - 2 potions of brilliance
 P - a potion of lignification
Books
 T - a book of the Warp

   Spells                             Type                      Level
   Control Teleport                   Charms/Translocation         4
   Phase Shift                        Translocation                5
   Warp Weapon                        Charms/Translocation         5
   Dispersal                          Translocation                6
   Controlled Blink                   Translocation                7
   Disjunction                        Translocation                8
 U - a book of Battle

   Spells                             Type                      Level
   *Infusion                          Charms                       1
   *Shroud of Golubria                Charms/Translocation         2
   *Song of Slaying                   Charms                       2
   *Spectral Weapon                   Hexes/Charms                 3
   *Regeneration                      Charms/Necromancy            3


   Skills:
 * Level 2.0 Fighting
 * Level 3.6 Short Blades
 - Level 1.0 Axes
 * Level 7.0 Dodging
 - Level 5.0 Stealth
 + Level 5.0 Spellcasting
 * Level 3.2 Hexes
 - Level 5.4 Charms
 * Level 2.2 Necromancy
 - Level 3.4 Translocations
 - Level 1.3 Evocations


You had 6 spell levels left.
You knew the following spells:

 Your Spells              Type           Power        Failure   Level  Hunger
a - Infusion              Chrm           ###...       1%          1    None
b - Song of Slaying       Chrm           ###.....     3%          2    ##.....
e - Spectral Weapon       Hex/Chrm       ##......     12%         3    ###....
k - Regeneration          Chrm/Necr      ##........   12%         3    ###....
y - Shroud of Golubria    Chrm/Tloc      ##........   6%          2    ##.....


Dungeon Overview and Level Annotations

Branches:
Dungeon (6/15)
 Temple: D:4-7

Altars:
Fedhas
Kikubaaqudgha

Annotations:
D:3 peterlawrence's ghost, average MiFi


Innate Abilities, Weirdness & Mutations

You are tiny and cannot use many weapons and most armour.
You have supernaturally acute eyesight.
You are a herbivore.
You cover ground extremely quickly.
You need consume almost no food.


Message History

You kill the adder!
Your Spellcasting skill increases to level 5!
You hit the worker ant. You freeze the worker ant.
The worker ant is flash-frozen.
The worker ant is heavily wounded.
Your skin stops crawling.
Your magical infusion is running out.
The worker ant barely misses you.
You hit the worker ant. You freeze the worker ant.
You kill the worker ant!
Your Fighting skill increases to level 2!
You hit the manticore. You freeze the manticore.
The manticore is flash-frozen.
The manticore is lightly wounded.
The manticore barely misses you. The manticore claws you!
The manticore closely misses you.
Your magical contamination has completely faded away.
You hit the manticore. You freeze the manticore.
The manticore is moderately wounded.
The manticore bites you!!
Ouch! That really hurt!
You die...

###..P......#.........
P...#......#.........
..........#......###
.........#......#
.........#.....# #
..#...........#
#.###.#.###.......###
#..H..#.............#
#..%..#@.........#.....#
#!###.#.###.....##.....#
..#........###.....#
#..........## #...).#
#.###......####.....#
#......>............' ..
...........#.....#
..##.......#.#####
...........#.#


You could see a manticore.

Vanquished Creatures
  2 ogres (D:5)
  A sky beast (D:5)
  2 centaurs
  2 giant frogs (D:6)
  A killer bee (D:6)
  Crazy Yiuf (D:4)
  2 orc priests (D:4)
  2 hounds (D:4)
  3 iguanas
  5 worker ants
  2 orc zombies
  10 adders
  5 gnolls
  An inept item mimic (D:4)
  A worm (D:2)
  5 giant geckos
  9 orcs
  5 giant cockroaches
  16 goblins
  8 hobgoblins
  7 jackals
  7 quokkas
  12 bats
  6 giant newts
  12 kobolds
  A kobold skeleton (D:4)
  13 rats
141 creatures vanquished.

Notes
Turn   | Place    | Note
--------------------------------------------------------------
     0 | D:1      | MordorOrchid, the Spriggan Wanderer, began the quest for the Orb.
     0 | D:1      | Reached XP level 1. HP: 10/10 MP: 4/4
     2 | D:1      | Learned a level 1 spell: Infusion
    46 | D:1      | Reached skill level 1 in Dodging
   690 | D:1      | Reached XP level 2. HP: 14/14 MP: 3/7
   694 | D:1      | Learned a level 2 spell: Song of Slaying
   697 | D:1      | Learned a level 2 spell: Shroud of Golubria
   925 | D:1      | Reached skill level 1 in Short Blades
  1265 | D:1      | Reached XP level 3. HP: 15/18 MP: 3/9
  2176 | D:2      | Reached XP level 4. HP: 13/22 MP: 10/12
  2656 | D:2      | Found a blossoming altar of Fedhas.
  2682 | D:2      | Learned a level 3 spell: Regeneration
  2759 | D:3      | Noticed peterlawrence's ghost (average MiFi)
  2761 | D:3      | Reached skill level 1 in Translocations
  2872 | D:3      | Reached XP level 5. HP: 23/25 MP: 11/16
  3096 | D:3      | Reached skill level 4 in Dodging
  3495 | D:4      | Reached XP level 6. HP: 22/30 MP: 16/18
  3625 | D:4      | Noticed a centaur
  3636 | D:4      | Killed a centaur
  3636 | D:4      | Reached skill level 1 in Necromancy
  3686 | D:4      | Learned a level 3 spell: Spectral Weapon
  3770 | D:4      | Reached skill level 5 in Stealth
  4093 | D:4      | Noticed Crazy Yiuf
  4113 | D:4      | Killed Crazy Yiuf
  4113 | D:4      | Reached skill level 5 in Dodging
  4113 | D:4      | Reached XP level 7. HP: 19/33 MP: 9/21
  4222 | D:5      | Entered Level 5 of the Dungeon
  4315 | D:5      | Reached skill level 5 in Charms
  5058 | D:5      | Reached skill level 6 in Dodging
  5557 | D:6      | Found an ancient bone altar of Kikubaaqudgha.
  5562 | D:6      | Reached XP level 8. HP: 38/38 MP: 12/23
  5698 | D:6      | Noticed a manticore
  5705 | D:6      | Reached skill level 7 in Dodging
  5707 | D:6      | Reached skill level 5 in Spellcasting
  5711 | D:6      | Slain by a manticore

Action                   |  1- 3 |  4- 6 |  7- 9 || total
-------------------------+-------+-------+-------++-------
Melee: Dagger            |   183 |   146 |    93 ||   422
       Hand axe          |     6 |       |       ||     6
 Fire: Shortbow          |       |       |    18 ||    18
Throw: Stone             |    34 |     7 |     1 ||    42
 Cast: Infusion          |    23 |    13 |     8 ||    44
       Shroud of Golubri |     5 |    13 |     8 ||    26
       Song of Slaying   |     4 |     4 |     2 ||    10
       Spectral Weapon   |       |       |     1 ||     1
       Regeneration      |       |       |     1 ||     1
  Use: Potion            |     2 |       |       ||     2
       Scroll            |       |       |     5 ||     5
 Stab: Sleeping          |     4 |     7 |     6 ||    17
  Eat: Pizza             |       |     1 |       ||     1
       Fruit             |       |     9 |       ||     9
